 Dungeon Crawl Stone Soup version 0.24.1 (webtiles) character file.

Game seed: 18015636326261522337, levelgen mode: deterministic

613 Descartes the Slasher (level 7, -2/60 HPs)
             Began as a Gnoll Chaos Knight on Mar 28, 2020.
             Was a Plaything of Xom.
             Slain by Robin
             ... wielding a +0 spear
              (6 damage)
             ... on level 4 of the Dungeon.
             The game lasted 00:12:50 (2533 turns).

Descartes the Slasher (Gnoll Chaos Knight)          Turns: 2533, Time: 00:12:50

Health: -2/60      AC:  4    Str: 15    XL:     7   Next: 44%
Magic:  11/11      EV: 13    Int: 18    God:    Xom [....*.]
Gold:   189        SH:  0    Dex: 14    Spells: 10/10 levels left

rFire    . . .     SeeInvis .   a - +1 falchion (chaos)
rCold    . . .     Gourm    .   (no shield)
rNeg     . . .     Faith    .   b - +2 leather armour
rPois    .         Spirit   .   (helmet restricted)
rElec    .         Reflect  .   (no cloak)
rCorr    .         Harm     .   (no gloves)
MR       .....     Clarity  +   (no boots)
Stlth    +++.......             (no amulet)
HPRegen  0.20/turn              p - ring of stealth
MPRegen  0.12/turn              (no ring)

@: no status effects
A: distributed training, antennae 1, fangs 1, clarity, clever 2, deformed body,
high mp 1, weak 1, strong nose
a: Renounce Religion


You were on level 4 of the Dungeon.
You worshipped Xom.
You were a beloved toy of Xom.
You were hungry.

You visited 1 branch of the dungeon, and saw 4 of its levels.

You collected 189 gold pieces.

Inventory:

Hand Weapons
 a - a +1 falchion of chaos (weapon)
 k - a +2 vampiric dagger
 l - a +0 hand axe of venom
Missiles
 j - 96 stones (quivered)
 o - 20 arrows
 r - 20 bolts
Armour
 b - a +2 leather armour (worn)
 f - a +0 plate armour
Magical Staves
 n - an uncursed staff of poison
Jewellery
 i - an uncursed ring of ice
 p - a ring of stealth (left hand)
Wands
 u - a wand of acid (12)
Scrolls
 e - a scroll of teleportation
 h - 3 scrolls of identify
 m - 2 scrolls of remove curse
 t - a scroll of amnesia {unknown}
Potions
 d - a potion of curing
 g - 2 potions of magic {unknown}
Comestibles
 c - 8 rations
 q - 12 chunks of flesh


   Skills:
 + Level 7.0 Fighting
 + Level 2.4 Short Blades
 + Level 7.0 Long Blades
 + Level 2.4 Axes
 + Level 2.4 Maces & Flails
 + Level 2.4 Polearms
 + Level 2.4 Staves
 + Level 2.4 Slings
 + Level 2.4 Bows
 + Level 2.4 Crossbows
 + Level 2.4 Throwing
 + Level 5.2 Armour
 + Level 3.6 Dodging
 + Level 2.4 Stealth
 + Level 2.4 Shields
 + Level 2.4 Unarmed Combat
 + Level 2.4 Spellcasting
 + Level 2.0 Conjurations
 + Level 2.0 Hexes
 + Level 2.0 Charms
 + Level 2.0 Summonings
 + Level 2.0 Necromancy
 + Level 2.0 Translocations
 + Level 2.0 Transmutations
 + Level 2.0 Fire Magic
 + Level 2.0 Ice Magic
 + Level 2.0 Air Magic
 + Level 2.0 Earth Magic
 + Level 2.0 Poison Magic
 + Level 2.7 Invocations
 + Level 2.4 Evocations


You had 10 spell levels left.
You didn't know any spells.
Your spell library contained the following spells:

 Spells                   Type           Power        Failure   Level  Hunger
 Magic Dart               Conj           #...         9%          1    #......
 Searing Ray              Conj           #.....       14%         2    ##.....
 Dazzling Spray           Conj/Hex       #.....       26%         3    ###....
 Force Lance              Conj/Tloc      #.......     65%         4    #####..
 Fulminant Prism          Conj/Hex       #.........   65%         4    #####..
 Iskenderun's Mystic Bla  Conj           #.......     65%         4    #####..


Dungeon Overview and Level Annotations

Branches:
Dungeon (4/15)
 Temple: D:4-7

Altars:
Cheibriados
Fedhas
Hepliaklqana
Makhleb
Qazlal
Uskayaw
Vehumet
Xom

Annotations:
D:4 Robin


Innate Abilities, Weirdness & Mutations

Your experience applies equally to all skills.
You have very sharp teeth.
Your uncanny sense of smell can sniff out nearby items.
You have a pair of small antennae on your head.
You possess an exceptional clarity of mind.
Your mind is very acute. (Int +4)
Armour fits poorly on your strangely shaped body.
You have an increased reservoir of magic. (+10% MP)
You are weak. (Str -2)


Message History

You hit Robin but do no damage.
Robin goes berserk!
You kill the goblin!
Robin hits you with a +0 spear!
* * * LOW HITPOINT WARNING * * *
The goblin barely misses you. The goblin hits you but does no damage.
Robin hits you with a +0 spear.
* * * LOW HITPOINT WARNING * * *
You closely miss Robin. The goblin hits you but does no damage.
The goblin barely misses you. Robin hits you with a +0 spear.
* * * LOW HITPOINT WARNING * * *
You slash Robin! You burn Robin.
Robin is moderately wounded.
Robin hits you with a +0 spear.
* * * LOW HITPOINT WARNING * * *
The goblin closely misses you.
You riposte.
You slash the goblin! You burn the goblin.
You kill the goblin!
The goblin barely misses you. The goblin completely misses you.
Robin hits you with a +0 spear.
You die...

#####. #.#
#.....######.#########
###. #.....)..........
....#
#>#####.######..#
.....###.## #.#
##...## ##....†..# #.#
#..### #.......## #.#
#.##
...###g†######.###.# #
#.@# #........#
#ggg...##.##.##
....g.### #..##
#.....g.# ##..#
....####.# ####''####
####. g# ##........#
.. .. ##.......... ..
..##...........
##............


You could see Robin (berserk) and 6 goblins.

Vanquished Creatures
  Eustachio (D:4)
  A bullfrog (D:4)
  A scorpion (D:4)
  An orc priest (D:3)
  Natasha (twice) (D:3)
  Terence (D:2)
  2 orc wizards (D:3)
  3 worker ants
  5 adders
  A dart slug (D:3)
  3 worms
  3 leopard geckos
  6 orcs
  2 ball pythons
  4 giant cockroaches
  11 goblins
  6 hobgoblins
  2 jackals (D:1)
  2 quokkas
  10 bats
  7 frilled lizards
  9 kobolds
  9 rats
92 creatures vanquished.

Vanquished Creatures (collateral kills)
  A scorpion (D:3)
  A jelly (D:4)
  2 orcs (D:3)
4 creatures vanquished.

Grand Total: 96 creatures vanquished

Notes
Turn   | Place    | Note
-------+----------+-------------------------------------------
     0 | D:1      | Descartes the Gnoll Chaos Knight began the quest for the
                  | Orb.
     0 | D:1      | Reached XP level 1. HP: 23/23 MP: 1/1
    28 | D:1      | XOM: silly message
   151 | D:1      | XOM: harmless Air miscast
   190 | D:1      | Reached XP level 2. HP: 21/29 MP: 2/2
   211 | D:1      | XOM: give mutations
   211 | D:1      | Gained mutation: You possess an exceptional clarity of
                  | mind. [Xom's grace]
   211 | D:1      | Gained mutation: Your mind is acute. (Int +2) [Xom's grace]
   211 | D:1      | Gained mutation: You have a pair of small antennae on your
                  | head. [Xom's grace]
   211 | D:1      | Gained mutation: Your mind is very acute. (Int +4) [Xom's
                  | grace]
   256 | D:1      | XOM: god gift: mace {god gift}
   266 | D:1      | XOM: fake destruction
   280 | D:1      | XOM: silly message
   410 | D:1      | Reached XP level 3. HP: 34/35 MP: 3/3
   619 | D:1      | XOM: give mutation
   619 | D:1      | Gained mutation: Armour fits poorly on your strangely
                  | shaped body. [Xom's mischief]
   657 | D:1      | XOM: scenery: create altars
   720 | D:2      | Noticed Terence
   731 | D:2      | Killed Terence
   731 | D:2      | Reached skill level 1 in Short Blades
   731 | D:2      | Reached skill level 1 in Axes
   731 | D:2      | Reached skill level 1 in Maces & Flails
   731 | D:2      | Reached skill level 1 in Polearms
   731 | D:2      | Reached skill level 1 in Staves
   731 | D:2      | Reached skill level 1 in Slings
   731 | D:2      | Reached skill level 1 in Bows
   731 | D:2      | Reached skill level 1 in Crossbows
   731 | D:2      | Reached skill level 1 in Throwing
   731 | D:2      | Reached skill level 1 in Stealth
   731 | D:2      | Reached skill level 1 in Shields
   731 | D:2      | Reached skill level 1 in Unarmed Combat
   731 | D:2      | Reached skill level 1 in Spellcasting
   731 | D:2      | Reached skill level 1 in Invocations
   731 | D:2      | Reached skill level 1 in Evocations
   753 | D:2      | Found a radiant altar of Vehumet.
   753 | D:2      | Found a hide-covered altar of Uskayaw.
   780 | D:2      | Reached XP level 4. HP: 33/41 MP: 5/5
   819 | D:2      | XOM: god gift: gnarled glowing staff {god gift}
   873 | D:2      | XOM: divination: magic mapping
  1019 | D:2      | Found a burning altar of Makhleb.
  1021 | D:2      | Found a snail-covered altar of Cheibriados.
  1021 | D:2      | Found a stormy altar of Qazlal.
  1028 | D:2      | Reached skill level 1 in Conjurations
  1028 | D:2      | Reached skill level 1 in Hexes
  1028 | D:2      | Reached skill level 1 in Charms
  1028 | D:2      | Reached skill level 1 in Summonings
  1028 | D:2      | Reached skill level 1 in Necromancy
  1028 | D:2      | Reached skill level 1 in Translocations
  1028 | D:2      | Reached skill level 1 in Transmutations
  1028 | D:2      | Reached skill level 1 in Fire Magic
  1028 | D:2      | Reached skill level 1 in Ice Magic
  1028 | D:2      | Reached skill level 1 in Air Magic
  1028 | D:2      | Reached skill level 1 in Earth Magic
  1028 | D:2      | Reached skill level 1 in Poison Magic
  1030 | D:2      | Found a hazy altar of Hepliaklqana.
  1218 | D:2      | Found a blossoming altar of Fedhas.
  1239 | D:2      | XOM: give mutation
  1239 | D:2      | Gained mutation: You have a pair of antennae on your head.
                  | [Xom's grace]
  1391 | D:3      | XOM: butterfly on damage
  1395 | D:3      | Reached XP level 5. HP: 7/47 MP: 6/6
  1432 | D:3      | HP: 2/47 [scorpion (3)]
  1538 | D:3      | Found a shimmering altar of Xom.
  1539 | D:3      | Found a shimmering altar of Xom.
  1539 | D:3      | Found a shimmering altar of Xom.
  1558 | D:3      | Found a shimmering altar of Xom.
  1558 | D:3      | Found a shimmering altar of Xom.
  1631 | D:3      | XOM: give mutation
  1631 | D:3      | Gained mutation: You have an increased reservoir of magic.
                  | (+10% MP) [Xom's grace]
  1689 | D:3      | XOM: medium Ice miscast
  1735 | D:3      | Noticed Natasha
  1741 | D:3      | Killed Natasha
  1790 | D:3      | Reached XP level 6. HP: 20/53 MP: 9/9
  2045 | D:3      | XOM: destruction
  2236 | D:3      | Noticed Natasha
  2244 | D:3      | Killed Natasha
  2244 | D:3      | Reached skill level 5 in Armour
  2316 | D:3      | XOM: give mutations
  2316 | D:3      | Gained mutation: You are weak. (Str -2) [Xom's mischief]
  2316 | D:3      | Lost mutation: You have a pair of antennae on your head.
                  | [Xom's mischief]
  2378 | D:4      | XOM: smoke on damage
  2398 | D:4      | Noticed Eustachio
  2400 | D:4      | XOM: polymorph hound -> jelly
  2403 | D:4      | XOM: smoke on damage
  2411 | D:4      | XOM: cast spell 'Monstrous Menagerie'
  2412 | D:4      | XOM: smoke on damage
  2415 | D:4      | Reached XP level 7. HP: 45/59 MP: 11/11
  2449 | D:4      | Killed Eustachio
  2524 | D:4      | Noticed Robin
  2533 | D:4      | Slain by Robin

Levels and vault maps discovered:
D:1:      scummos_arrival_forest, layout_loops_ring
D:2:      layout_loops_cross, grunt_temple_overflow_open, first_ration,
          fedhas_altar_fruit_tree, uniq_terence
D:3:      layout_loops_corners, portal_sewer_entry_b, xom_redecorated,
          uniq_natasha
D:4:      kennysheep_big_flooded_room, layout_rooms, serial_shops,
          kennysheep_mini, shop, shop, uniq_robin, uniq_eustachio

Skill      XL: |  1  2  3  4  5  6  7 |
---------------+----------------------+-----
Short Blades   | 1 2 |  2.4
Axes           | 1 2 |  2.4
Maces & Flails | 1 2 |  2.4
Polearms       | 1 2 |  2.4
Staves         | 1 2 |  2.4
Slings         | 1 2 |  2.4
Bows           | 1 2 |  2.4
Crossbows      | 1 2 |  2.4
Throwing       | 1 2 |  2.4
Stealth        | 1 2 |  2.4
Shields        | 1 2 |  2.4
Unarmed Combat | 1 2 |  2.4
Spellcasting   | 1 2 |  2.4
Invocations    | 1 2 |  2.7
Evocations     | 1 2 |  2.4
Conjurations   | 1 2 |  2.0
Hexes          | 1 2 |  2.0
Charms         | 1 2 |  2.0
Summonings     | 1 2 |  2.0
Necromancy     | 1 2 |  2.0
Translocations | 1 2 |  2.0
Transmutations | 1 2 |  2.0
Fire Magic     | 1 2 |  2.0
Ice Magic      | 1 2 |  2.0
Air Magic      | 1 2 |  2.0
Earth Magic    | 1 2 |  2.0
Poison Magic   | 1 2 |  2.0
Dodging        | 3 |  3.6
Armour         | 5 |  5.2
Fighting       | 7 |  7.0
Long Blades    | 7 |  7.0

Action                   |  1- 3 |  4- 6 |  7- 9 || total
-------------------------+-------+-------+-------++-------
Melee: Falchion          |    96 |   129 |    28 ||   253
       Bite              |    10 |    17 |     4 ||    31
       Unarmed           |       |     2 |       ||     2
  Use: Scroll            |       |    10 |       ||    10
       Potion            |       |     3 |     1 ||     4
 Stab: Sleeping          |       |     7 |     1 ||     8
       Confused          |       |     1 |       ||     1
       Paralysed         |       |     2 |       ||     2
  Eat: Chunk             |       |     5 |       ||     5
Armor: Plate armour      |    73 |     2 |       ||    75
       Leather armour    |     5 |    27 |    13 ||    45
Dodge: Dodged            |    34 |    85 |    42 ||   161
       Rpst.: Falchion   |     7 |    32 |    13 ||    52
